 Seeded DCSS version 0.30.1-9-gdf580d7c3d (webtiles) character file.

Game seed: 7229806256980976716 (custom seed)

662 Psyclone the Conjurer (level 7, -1/41 HPs)
             Began as an Octopode Conjurer on Sept 28, 2023.
             Slain by a bog mummy (15 damage)
             ... in an ossuary.
             The game lasted 00:12:02 (4045 turns).

Psyclone the Conjurer (Octopode Conjurer)           Turns: 4045, Time: 00:12:03

Health: -1/41      AC:  3    Str:  6    XL:     7   Next: 56%
Magic:  5/15       EV: 13    Int: 31    God:
Gold:   179        SH:  0    Dex: 10    Spells: 14/17 levels left

rFire   . . .        p - +1 morningstar (holy)
rCold   . . .        (no shield)
rNeg    + + .        c - +2 hat of the Marlin {rN++ Will- Int+8 Stlth-}
rPois   .            (no amulet)
rElec   .            (no ring)
rCorr   .            (no ring)
SInv    .            (no ring)
Will    .....        (no ring)
Stlth   +++          (no ring)
HPRegen 0.26/turn    (no ring)
MPRegen 0.14/turn    (no ring)
                     (no ring)

%: no passive effects
@: about to teleport
A: almost no armour, amphibious, 8 rings, camouflage 1, gelatinous body 1,
nimble swimmer 1, tentacles
a: no special abilities


You were in an ossuary.
You visited 1 branch of the dungeon, and saw 4 of its levels.
You also visited: Ossuary.

You collected 179 gold pieces.

Inventory:

Hand Weapons
 f - a +0 dagger
 p - a +1 morningstar of holy wrath (weapon)
Missiles
 l - a throwing net {!f}
Armour
 c - the +2 hat of the Marlin (worn) {rN++ Will- Int+8 Stlth-}
   (You acquired it on level 1 of the Dungeon)

   Int:       It affects your intelligence (+8).
   rN:        It greatly protects you from negative energy.
   Will:      It decreases your willpower.
   Stlth:     It makes you less stealthy.
 d - the +2 shield of Resistance {rF++ rC++ Will++}
   (You acquired it on level 1 of the Dungeon)

   rF:        It greatly protects you from fire.
   rC:        It greatly protects you from cold.
   Will:      It greatly increases your willpower.
Scrolls
 b - 3 scrolls of amnesia {unknown}
 g - a scroll of enchant armour {unknown}
 i - 5 scrolls of identify {unknown}
 j - 2 scrolls of blinking {unknown}
 q - a scroll of poison {unknown}
 v - 2 scrolls of silence {unknown}
 x - a scroll of butterflies {unknown}
 y - a scroll of fog {unknown}
 A - 2 scrolls of vulnerability {unknown}
Potions
 a - a potion of magic
 h - 2 potions of might {unknown}
 k - 2 potions of mutation {unknown}
 m - a potion of invisibility {unknown}
 n - 4 potions of curing {unknown}
 o - 2 potions of brilliance {unknown}
 r - a potion of cancellation {unknown}
 s - 2 potions of attraction {unknown}
 t - a potion of lignification {unknown}
 u - a potion of heal wounds {unknown}
 w - a potion of berserk rage {unknown}
 z - a potion of ambrosia {unknown}


   Skills:
 - Level 2.0 Dodging
 - Level 2.6 Stealth
 + Level 5.5 Spellcasting
 + Level 6.9 Conjurations


You had 14 spell levels left.
You knew the following spells:

 Your Spells              Type           Power      Damage    Failure   Level
a - Magic Dart            Conj           100%       1d8       1%          1
b - Searing Ray           Conj           100%       2d8       1%          2

Your spell library contained the following spells:

 Spells                   Type           Power      Damage    Failure   Level
 Dazzling Flash           Conj/Hex       60%        N/A       3%          3
 Mephitic Cloud           Conj/Pois/Air  22%        N/A       6%          3
 Cigotuvi's Dreadful Rot  Necr/Pois/Air  16%        N/A       8%          2
 Poisonous Vapours        Pois/Air       16%        N/A       8%          2
 Fulminant Prism          Conj/Hex       15%        3d11      12%         4
 Iskenderun's Mystic Bla  Conj/Tloc      30%        2d8       12%         4
 Ignite Poison            Fire/Tmut/Pois 8%         N/A       16%         3
 Ozocubu's Armour         Ice            8%         N/A       16%         3
 Dispel Undead            Necr           8%         3d8       45%         4
 Ice Form                 Ice/Tmut       8%         N/A       45%         4
 Olgreb's Toxic Radiance  Pois           8%         N/A       45%         4
 Freezing Cloud           Conj/Ice/Air   11%        6-21      50%         5
 Death Channel            Necr           4%         N/A       100%        6
 Eringya's Noxious Bog    Tmut/Pois      4%         N/A       100%        6


Dungeon Overview and Level Annotations

Branches:
Dungeon (4/15) Zot: 20569  Temple (0/1) D:4         Ossuary (1/1) Zot: 5361

Altars:
Elyvilon
Qazlal
Zin
The Shining One

Annotations:
D:3 3 runed translucent doors, laqueoix's ghost, amateur DsGl


Innate Abilities, Weirdness & Mutations

You cannot wear most types of armour.
You are amphibious.
You can wear up to eight rings at the same time.
Your skin changes colour to match your surroundings (Stealth+).
Your rubbery body absorbs attacks. (AC +1, EV +1)
You are camouflaged when in or above water. (Stealth+)
You have tentacles for arms and can constrict up to eight enemies at once.


Message History

The killer bee zombie hits you.
You take 4 damage, and have 35/41 hp.
You now have 8/15 mp.
The searing ray misses the killer bee zombie.
The searing ray hits the bog mummy!
You destroy the bog mummy!
The killer bee zombie hits you.
The killer bee zombie closely misses you.
The killer bee zombie hits you but does no damage.
You take 3 damage, and have 32/41 hp.
You now have 7/15 mp.
The searing ray hits the killer bee zombie!
You destroy the killer bee zombie!
You finish channelling your searing ray.
A bog mummy comes into view.
You feel yourself speed up.
You enter the shallow water.
A bog mummy comes into view.
The bog mummy gestures at you while chanting.
The puff of frost hits you!
You take 8 damage, and have 26/41 hp.
You enter the shallow water.
You enter the shallow water.
The bog mummy hits you!
You take 15 damage, and have 13/41 hp.
MASSIVE DAMAGE!!
As you read the scroll labelled WUBBUN RUOS, it crumbles to dust.
You feel strangely unstable.
It was a scroll of teleportation.
Casting: Searing Ray (safe; 1% risk of failure)
Confirm with . or Enter, or press ? or * to list all spells.
Aiming: Searing Ray (safe; 1% risk of failure)
Press: ? - help, Shift-Dir - straight line, f - bog mummy
Aim: a bog mummy (92% to hit)
The searing ray hits the bog mummy!
The bog mummy is heavily damaged. (Press . to maintain the ray.)
You now have 7/15 mp.
The searing ray hits the bog mummy.
The bog mummy is heavily damaged.
You now have 6/15 mp.
The searing ray hits the bog mummy.
The bog mummy is severely damaged.
The bog mummy hits you!
You die...

##### #~#~######
###~.~.~.#.#
#@M~.#~~~#'#+#+#+#
##M~~.~~~........+
###~#####.#####.#
.'~# #.#...#.+
###.' #.#.∩.'.#
..#. #.#∩..#.+
~~~### #.#####.#
##..~ '.' #.'.+
≈#M~ #.#####.#


You could see 2 bog mummies.

Vanquished Creatures
  A scorpion (D:4)
  2 water moccasin zombies (Ossuary)
  A bullfrog zombie (Ossuary)
  A centaur zombie (Ossuary)
  A jelly (D:2)
  A sleepcap (D:4)
  2 killer bee zombies (Ossuary)
  11 mummies
  A howler monkey zombie (Ossuary)
  7 adders
  An ufetubus (D:3)
  3 worms
  5 bats
  4 endoplasms
  5 giant cockroaches
  3 goblins
  7 hobgoblins
  20 jackals
  4 quokkas
  5 ball pythons
  A frilled lizard (D:1)
  A goblin zombie (D:4)
  An orc zombie (D:4)
  4 rats
92 creatures vanquished.

Notes
Turn   | Place    | Note
-------+----------+-------------------------------------------
     0 | D:1      | Psyclone the Octopode Conjurer began the quest for the Orb.
     0 | D:1      | Reached XP level 1. HP: 11/11 MP: 3/3
    57 | D:1      | Identified 3 scrolls of acquirement
    57 | D:1      | Acquired Wiyr Moe's Elucidation of Cankerous Chilblains
    59 | D:1      | Acquired the +2 shield of Resistance {rF++ rC++ Will++}
    59 | D:1      | Found the +2 shield of Resistance {rF++ rC++ Will++}
    60 | D:1      | Acquired the +2 hat of the Marlin {rN++ Will- Int+8 Stlth-}
   259 | D:1      | Reached XP level 2. HP: 17/17 MP: 1/5
   860 | D:1      | Reached XP level 3. HP: 21/21 MP: 3/6
  1087 | D:2      | Learned a level 2 spell: Searing Ray
  1478 | D:2      | Reached XP level 4. HP: 27/27 MP: 5/8
  1652 | D:2      | Reached skill level 5 in Conjurations
  1940 | D:2      | Reached XP level 5. HP: 31/31 MP: 7/10
  2469 | D:3      | Found a runed translucent gate.
  2469 | D:3      | Found a runed translucent gate.
  2469 | D:3      | Found a runed translucent gate.
  2518 | D:3      | Found a glowing silver altar of Zin.
  2869 | D:3      | Noticed laqueoix's ghost (amateur DsGl)
  3078 | D:4      | Found a white marble altar of Elyvilon.
  3100 | D:4      | Reached XP level 6. HP: 16/36 MP: 1/12
  3185 | D:4      | Found a glowing golden altar of the Shining One.
  3291 | D:4      | Found a stormy altar of Qazlal.
  3316 | D:4      | Found a staircase to the Ecumenical Temple.
  3354 | D:4      | Found a sand-covered staircase.
  3424 | Ossuary  | Entered an ossuary
  3467 | Ossuary  | Reached skill level 6 in Conjurations
  3685 | Ossuary  | Reached skill level 5 in Spellcasting
  3685 | Ossuary  | Reached XP level 7. HP: 36/41 MP: 14/14
  4045 | Ossuary  | Slain by a bog mummy

Illustrated notes

Levels and vault maps discovered:
D:1:      spicycebolla_arrival_ecumenical, layout_loops_ring
D:2:      layout_basic
D:3:      layout_rooms, mainiacjoe_overflow_paths, gammafunk_ghost_necromancy
D:4:      layout_rooms, tso_metal_star, mainiacjoe_overflow_catwalk,
          elyvilon_altar_5, minmay_temple_entry_stoned_glass,
          nicolae_ossuary_entry_giza, minmay_misc_feat_square, minivault_4
Ossuary:  ossuary_zaba_flooded

Skill      XL: |  1  2  3  4  5  6 |
---------------+-------------------+-----
Spellcasting   | 3 4 5 |  5.5
Conjurations   | 5 6 |  6.9
Dodging        | |  2.0
Stealth        | |  2.6

Action                     |  1- 3 |  4- 6 |  7- 9 || total
---------------------------+-------+-------+-------++-------
  Melee: Dagger            |    24 |     2 |       ||    26
         Unarmed           |     3 |       |       ||     3
         Constrict         |     5 |    11 |     1 ||    17
         Tentacles         |     5 |     8 |       ||    13
         Morningstar       |       |    35 |     3 ||    38
         Punch             |       |     1 |       ||     1
   Cast: Magic Dart        |    62 |    78 |    13 ||   153
         Searing Ray       |       |     7 |    10 ||    17
    Use: Scroll            |     3 |       |     1 ||     4
   Stab: Sleeping          |       |     2 |       ||     2
 Armour: Skin              |     6 |     5 |     3 ||    14
  Dodge: Dodged            |    24 |    33 |    11 ||    68
